 Dungeon Crawl Stone Soup version 0.31.0-32-g396128a36d (webtiles) character file.

Game seed: 17229619367604882235

40 KKCryptic the Insei (level 3, 0/23 HPs)
             Began as an Octopode Shapeshifter on Mar 28, 2024.
             Hit by a goblin thrown by Robin (3 damage)
             ... on level 2 of the Dungeon.
             The game lasted 00:04:50 (1037 turns).

KKCryptic the Insei (Octopode Shapeshifter)         Turns: 1037, Time: 00:04:51

Health: 0/23       AC:  1    Str: 13    XL:     3   Next: 50%
Magic:  3/3        EV: 13    Int: 12    God:
Gold:   53         SH:  0    Dex: 13    Spells: 2/2 levels left

rFire   . .          .
                       - Unarmed
rCold   . . .        (no shield)
rNeg    . . .        (helmet currently unavailable)
rPois   .            (no amulet)
rElec   .            (no ring)
rCorr   .            (no ring)
SInv    .            (no ring)
Will    .....        (no ring)
Stlth   +++          (no ring)
HPRegen 0.23/turn    (no ring)
MPRegen 0.08/turn    (no ring)
                     (no ring)

%: no passive effects
@: beast-form
A: beast (slay +2), almost no armour, amphibious, 8 rings, camouflage 1,
gelatinous body 1, (nimble swimmer 1), tentacles
a: Begin Untransformation


You were on level 2 of the Dungeon.
You were a hulking beast.
You visited 1 branch of the dungeon, and saw 2 of its levels.

You collected 53 gold pieces.

Inventory:

Missiles
 h - 2 poisoned darts (quivered)
Armour
 e - a +1 hat of stealth
Talismans
 b - a beast talisman
 c - a flux talisman
Scrolls
 d - a scroll of teleportation
Potions
 a - 2 potions of lignification
 g - a potion of mutation
 i - a potion of enlightenment
 k - a potion of curing
 l - a potion of brilliance {unknown}


   Skills:
 - Level 1.0 Fighting
 - Level 2.0 Dodging
 + Level 1.7 Stealth
 * Level 3.5 Unarmed Combat
 * Level 3.5 Shapeshifting


You had 2 spell levels left.
You didn't know any spells.
Your spell library contained the following spells:

 Spells                   Type           Power      Damage    Failure   Level
 Blink                    Tloc           0%         N/A       45%         2
 Lesser Beckoning         Tloc           0%         N/A       45%         2
 Momentum Strike          Conj/Tloc      0%         3d8       45%         2


Dungeon Overview and Level Annotations

Branches:
Dungeon (2/15)

Altars:

Shops:
D:1 (?[:(

Annotations:
D:2 Robin


Innate Abilities, Weirdness & Mutations

You are a hulking beast.
Your limbs bulge with bestial killing power. (Slay +2)
You cannot wear most types of armour.
You are amphibious.
You can wear up to eight rings at the same time.
Your skin changes colour to match your surroundings (Stealth+).
Your rubbery body absorbs attacks. (AC +1, EV +1)
((You are camouflaged when in or above water. (Stealth+)))
You have tentacles for arms and can constrict up to eight enemies at once.


Message History

The goblin barely misses you.
You bludgeon the goblin!
You kill the goblin!
The goblin unwields a +0 dagger.
The goblin wields a +0 sling.
The goblin shoots a sling bullet.
The sling bullet hits you.
Things that are here:
a +0 dagger; a goblin corpse The goblin unwields a +0 sling.
The goblin wields a +0 dagger.
The goblin hits you with a +0 dagger.
You tentacle-slap the goblin. Your grab misses the goblin.
The goblin is moderately wounded.
The goblin barely misses you.
You completely miss the goblin. You grab the goblin.
The goblin is moderately wounded.
You constrict the goblin. The goblin hits you with a +0 club.
The goblin struggles to escape constriction.
You barely miss the goblin.
The goblin is severely wounded.
You constrict the goblin.
You kill the goblin!
Robin roars a battlecry!
The goblins go into a battle-frenzy!
The goblin hits you with a +0 club.
You hear a shout!
Robin throws the goblin at you! The goblin attacks as it pursues you!
The goblin hits you with a +0 club!
* * * LOW HITPOINT WARNING * * *
The goblin barely misses you.
Things that are here:
a +0 dagger; a goblin corpse You bludgeon the goblin!
You kill the goblin!
The goblin barely misses you.
Robin roars a battlecry!
The goblin hits you but does no damage. The goblin completely misses you.
Items here: )))) ††††.
Okay, then.
Robin throws the goblin at you!
You die...
Robin lets out a smug laugh.

..## .###.#. ..#####.##
##...g#. .......... '...gg
..#####.## #....# ..# #.
#...g# ..# #. #...g# ..# #.
#....#
..###.#.##.##########.#####
...............gh)g.g.....+
.###....##....####g..)#####
........ +....# #....#
.####.#.##....# #....# .#
.........########.# ##
..#.##.#.##.......# #
#...##.####..# #....#.#
#..# ####.#.# #..#


You could see Robin and 3 goblins.

Vanquished Creatures
  4 bats
  3 endoplasms (D:1)
  2 giant cockroaches (D:1)
  4 hobgoblins (D:2)
  4 jackals (D:2)
  4 kobolds
  A quokka (D:1)
  4 ball pythons
  2 frilled lizards (D:1)
  6 goblins
  A rat (D:1)
35 creatures vanquished.

Notes
Turn   | Place    | Note
-------+----------+-------------------------------------------
     0 | D:1      | KKCryptic the Octopode Shapeshifter began the quest for the
                  | Orb.
     0 | D:1      | Reached XP level 1. HP: 13/13 MP: 1/1
    30 | D:1      | Found Tohaiziggy's Weapon Emporium.
    79 | D:1      | Found Onaetar's Magic Scroll Boutique.
   280 | D:1      | Reached XP level 2. HP: 14/18 MP: 2/2
   349 | D:1      | Found Ycierah's Antique Armour Shoppe.
   427 | D:1      | Reached skill level 1 in Stealth
   737 | D:1      | Found Iheps's Weapon Emporium.
   792 | D:1      | Found Cusoacw's Book Shoppe.
   869 | D:2      | Reached XP level 3. HP: 19/23 MP: 3/3
   952 | D:2      | Identified a scroll of acquirement
   952 | D:2      | Acquired a +1 hat of stealth
  1018 | D:2      | Noticed Robin
  1037 | D:2      | Hit by a goblin thrown by Robin

Illustrated notes

Levels and vault maps discovered:
D:1:      dpeg_arrival_castle, layout_basic, serial_shops,
          nicolae_shop_advertising_works [nicolae_subvault_shop_adworks],
          nicolae_shop_behind_doors, nicolae_shop_real_fake_doors,
          nicolae_shop_crystal, shop_statue, st_stairs_12
D:2:      layout_basic, uniq_robin

Skill      XL: |  1  2 |
---------------+-------+-----
Stealth        | 1 |  1.7
Fighting       | |  1.0
Dodging        | |  2.0
Unarmed Combat | |  3.5
Shapeshifting  | |  3.5

Action                     || total
---------------------------++-------
  Melee: Unarmed           ||    62
         Constrict         ||    17
         Tentacles         ||     7
    Use: Scroll            ||     6
   Stab: Sleeping          ||     7
 Armour: Skin              ||    31
  Dodge: Dodged            ||    31
